 Seeded DCSS version 0.30-a0-23-ge60ba3568b (webtiles) character file.

Game seed: 16325529221887051656 (custom seed)

6 SensoryNuts the Trooper (level 1, 20/20 HPs)
             Began as a Hill Orc Fighter on Aug 24, 2022.
             Quit the game on level 1 of the Dungeon.
             The game lasted 00:01:06 (653 turns).

SensoryNuts the Trooper (Hill Orc Fighter)           Turns: 653, Time: 00:01:07

Health: 20/20      AC:  6    Str: 18    XL:     1   Next: 90%
Magic:  1/1        EV:  9    Int:  8    God:
Gold:   32         SH:  4    Dex: 10    Spells: 0/0 levels left

rFire   . . .      SeeInvis .    a - +0 war axe
rCold   . . .      Faith    .    c - +0 buckler
rNeg    . . .      Spirit   .    b - +0 scale mail
rPois   .          Reflect  .    (no helmet)
rElec   .          Harm     .    (no cloak)
rCorr   .          Rampage  .    (no gloves)
Will    .....                    (no boots)
Stlth   ..........               (no amulet)
HPRegen 0.06/turn                (no ring)
MPRegen 0.07/turn                (no ring)

@: very slow
A: no striking features
a: no special abilities


You were on level 1 of the Dungeon.
You visited 1 branch of the dungeon, and saw 1 of its levels.

You collected 32 gold pieces.

Inventory:

Hand Weapons
 a - a +0 war axe (weapon)
Armour
 b - a +0 scale mail (worn)
 c - a +0 buckler (worn)
Scrolls
 f - a scroll of amnesia
Potions
 d - a potion of might
 g - a potion of lignification {unknown}


   Skills:
 + Level 3.8 Fighting
 * Level 2.8 Axes
 + Level 3.4 Armour
 + Level 3.3 Shields


You couldn't memorise any spells.
You didn't know any spells.
Your spell library contained the following spells:

 Spells                   Type           Power      Damage    Failure   Level
 Conjure Flame            Conj/Fire      0%         6-21      99%         3
 Ignite Poison            Fire/Tmut/Pois 0%         N/A       99%         3
 Sticky Flame             Conj/Fire      0%         2d3       100%        4
 Freezing Cloud           Conj/Ice/Air   0%         6-21      100%        5
 Simulacrum               Ice/Necr       0%         N/A       100%        6
 Polar Vortex             Ice            0%         N/A       100%        9


Dungeon Overview and Level Annotations

Branches:
Dungeon (1/15)

Altars:


Message History

h - a scroll labelled ATURCHA QUVI You open the door.
Found a ring mail.
Found two gnoll skeletons.
There is an open door here.
You open the door.
Found a faded altar of an unknown god.
No target in view!
There is an open door here.
There is an open door here.
There is an open door here.
Things that are here:
a +0 club; 5 stones
There is a stone staircase leading down here.
You enter the shallow water.
Moving in this stuff is going to be slow.
Done exploring.
Done exploring.
Done exploring.
Done exploring.
Done exploring.
No target in view!
As you read the scroll labelled LORIAWE ROBI, it crumbles to dust.
It is a scroll of identify.
f - a scroll of amnesia
As you read the scroll labelled ATURCHA QUVI, it crumbles to dust.
You feel momentarily disoriented.
It was a scroll of magic mapping.
What are your orders? t - Shout!
Orders for allies: a - Attack new target. r - Retreat! s - Stop attacking. g - Guard the area. f - Follow me.
Anything else - Cancel.
Retreat in which direction?
Press: ? - help, Dir - move target Fall back!
Unknown command.
Are you sure you want to abandon this character and quit the game? (Confirm with "yes".)
Okay, then.
Are you sure you want to abandon this character and quit the game? (Confirm with "yes".)

###
#.#######################
#.......................#
#.#######################
#.# ################# #.#
#≈≈≈≈≈≈≈≈≈≈≈≈≈≈≈# #.#
#≈≈≈≈≈.....≈≈≈≈≈#
#.###≈≈....~~@....≈≈#
#...#≈...~~~.~~~...≈#
####.#.....~~~.<..~~..≈#
...>.###≈...~~~.~~~...≈#
###..# #≈≈....~~~....≈≈#
.....# #≈≈≈≈≈.....≈≈≈≈≈#
###..# #≈≈≈≈≈≈≈.≈≈≈≈≈≈≈#
.....##########.########
.##.###.........#


There were no monsters in sight!

Vanquished Creatures
  A frilled lizard (D:1)
  4 kobolds (D:1)
  2 rats (D:1)
7 creatures vanquished.

Notes
Turn   | Place    | Note
-------+----------+-------------------------------------------
     0 | D:1      | SensoryNuts the Hill Orc Fighter began the quest for the
                  | Orb.
     0 | D:1      | Reached XP level 1. HP: 19/19 MP: 1/1
   576 | D:1      | Found a faded altar of an unknown god.
   653 | D:1      | Quit the game

Illustrated notes

Levels and vault maps discovered:
D:1:      dpeg_arrival_shrine, layout_basic, dilly_ecumenical_altar_fadedgnrine

Action                   || total
-------------------------++-------
Melee: War axe           ||    17
  Use: Scroll            ||     2
Armor: Scale mail        ||     9
Dodge: Dodged            ||     8
Block: Buckler           ||     2

Table legend: (Time is in decaauts)
 A = Elapsed time spent in this place.
 B = Non-inter-level travel time spent in this place.
 C = Inter-level travel time spent in this place.
 D = Time resting spent in this place.
 E = Time spent auto-exploring this place.
 F = Levels seen in this place.
 G = Mean time per level.
                   A        B        C        D        E       F      G
               +--------+--------+--------+--------+--------+-----+--------+
         Total |    660 |    660 |      0 |      0 |    597 |   1 |  660.0 |
       Dungeon |    660 |    660 |      0 |      0 |    597 |   1 |  660.0 |
               +--------+--------+--------+--------+--------+-----+--------+

Top non-repeatable levels by time:
     D:1: 660 daAuts
